 Dungeon Crawl Stone Soup version 0.31-a0-640-g39d97e502b (webtiles) character file.

Game seed: 7631307044878231119

370 Newt the Trooper (level 6, -1/61 HPs)
             Began as a Gargoyle Fighter on Aug 27, 2023.
             Slain by Menkaure (9 damage)
             ... on level 4 of the Dungeon.
             The game lasted 00:03:15 (3411 turns).

Newt the Trooper (Gargoyle Fighter)                 Turns: 3411, Time: 00:03:16

Health: -1/61      AC: 17    Str: 22    XL:     6   Next: 70%
Magic:  6/6        EV:  9    Int: 11    God:
Gold:   174        SH:  4    Dex:  9    Spells: 5/5 levels left

rFire   . . .        a - +0 flail
rCold   . . .        c - +0 buckler
rNeg    + . .        b - +0 scale mail
rPois   ∞            f - +1 helmet {Int+3}
rElec   +            (no cloak)
rCorr   .            v - +2 pair of gloves
SInv    .            (no boots)
Will    .....        s - amulet of regeneration Stlth
                     (no ring)
HPRegen 1.10/turn    (no ring)
MPRegen 0.10/turn

%: no passive effects
@: mighty, berserking, very quick
A: sickness immunity, AC +4, negative energy resistance 1, electricity
resistance, torment resistance 1, petrification resistance
a: no special abilities


You were on level 4 of the Dungeon.
You visited 1 branch of the dungeon, and saw 4 of its levels.

You collected 174 gold pieces.

Inventory:

Hand Weapons
 a - a +0 flail (weapon)
 r - a +2 short sword of venom
Missiles
 i - 3 atropa-tipped darts
 m - 3 poisoned darts
 p - a boomerang
Armour
 b - a +0 scale mail (worn)
 c - a +0 buckler (worn)
 e - a +0 helmet
 f - a +1 helmet of intelligence (worn)
 v - a +2 pair of gloves (worn)
Jewellery
 s - an amulet of regeneration (around neck)
Wands
 k - a wand of polymorph (8)
 t - a wand of flame (15)
Scrolls
 h - a scroll of fog
 o - a scroll of butterflies
Potions
 g - a potion of cancellation
 j - a potion of haste
 q - 2 potions of degeneration {unknown}
 u - a potion of attraction {unknown}
 w - a potion of curing {unknown}


   Skills:
 + Level 5.9 Fighting
 - Level 4.0 Maces & Flails
 - Level 5.0 Armour
 - Level 3.2 Shields


You had 5 spell levels left.
You didn't know any spells.
Your spell library was empty.

Dungeon Overview and Level Annotations

Branches:
Dungeon (4/15)
 Temple: D:4-7

Altars:

Shops:
D:2 =

Annotations:
D:3 2 transporters
D:4 Menkaure


Innate Abilities, Weirdness & Mutations

You are immune to sickness and miasma.
Your stone body is resilient. (AC +4)
You are immune to poison.
You resist negative energy. (rN+)
You are resistant to electric shocks. (rElec)
You are resistant to unholy torment.
You are immune to petrification.


Message History

The ball python barely misses you. The ball python constricts you.
The phantom hits you but does no damage.
Unknown command.
You closely miss the ball python. The ball python barely misses you.
The ball python constricts you. Menkaure hits you!
The phantom hits you but does no damage.
You feel very mighty all of a sudden.
The ball python bites you but does no damage.
The ball python constricts you. Menkaure hits you.
You block the phantom's attack.
You barely miss Menkaure.
The ball python bites you but does no damage.
The ball python constricts you. Menkaure hits you!
* * * LOW HITPOINT WARNING * * *
The phantom hits you.
* * * LOW HITPOINT WARNING * * *
The phantom blinks!
You blink.
The ball python loses its grip on you.
A red film seems to cover your vision as you go berserk!
You feel yourself moving faster!
You feel mighty!
You block the ball python's attack. x2; The phantom hits you.
* * * LOW HITPOINT WARNING * * *
The phantom blinks!
You blink.
Menkaure calls on the powers of darkness!
You feel a surge of unholy energy.
You barely miss the phantom.
The phantom is heavily damaged.
The phantom hits you but does no damage.
You barely miss the ball python.
The ball python bites you but does no damage.
The ball python barely misses you. You block the phantom's attack.
You sock the ball python!
You kill the ball python!
Menkaure hits you.
* * * LOW HITPOINT WARNING * * *
The phantom hits you but does no damage.
Unknown command.
You barely miss the phantom.
The phantom is heavily damaged.
Menkaure hits you!
You die...

....# #......
.....# ##.#....
...... #..#....
......# #.##....
.......## ##.##....
........#
##.###....
......>.#######..#
##...
........M........#
#...
......W@....####.#
###.
........########.##
## ......###
##.....### .....#
###........####
...##
##.............#
###
##...............
#................
#.......†........
#................


You could see a phantom and Menkaure (fast).

Vanquished Creatures
  A phantom (D:4)
  A jelly (D:4)
  An orc priest (D:3)
  A hound (D:4)
  Ijyb (D:4)
  An orc wizard (D:4)
  A gnoll (D:1)
  4 adders
  2 worms
  3 dart slugs
  7 orcs
  5 ball pythons
  15 endoplasms
  4 giant cockroaches
  8 goblins
  5 hobgoblins
  11 jackals
  5 quokkas
  5 bats
  3 frilled lizards
  3 kobolds
  5 rats
92 creatures vanquished.

Notes
Turn   | Place    | Note
-------+----------+-------------------------------------------
     0 | D:1      | Newt the Gargoyle Fighter began the quest for the Orb.
     0 | D:1      | Reached XP level 1. HP: 14/14 MP: 1/1
    44 | D:1      | Reached XP level 2. HP: 4/20 MP: 2/2
   295 | D:1      | Reached XP level 3. HP: 24/24 MP: 3/3
   643 | D:1      | Reached skill level 5 in Fighting
   823 | D:2      | Reached XP level 4. HP: 31/31 MP: 4/4
  1035 | D:2      | Found Zeecweug's Jewellery Emporium.
  2152 | D:3      | Found a transporter.
  2274 | D:3      | Found a transporter.
  2521 | D:3      | Reached XP level 5. HP: 21/35 MP: 5/5
  3152 | D:4      | Noticed Ijyb
  3160 | D:4      | Killed Ijyb
  3161 | D:4      | Reached XP level 6. HP: 38/40 MP: 6/6
  3188 | D:4      | Reached skill level 5 in Armour
  3393 | D:4      | Noticed Menkaure
  3411 | D:4      | Slain by Menkaure

Illustrated notes

Levels and vault maps discovered:
D:1:      ncdulo_halloftheorcs, layout_loops_cross
D:2:      minmay_chambers_of_twos, layout_loops_corners, serial_shops,
          nicolae_shop_window_shopping
D:3:      gammafunk_steamed_eel, layout_basic
D:4:      layout_cave_pods, uniq_ijyb, uniq_menkaure

Skill      XL: |  1  2  3  4  5  6 |
---------------+-------------------+-----
Fighting       | 4 5 |  5.9
Maces & Flails | 4 |  4.0
Armour         | 4 5 |  5.0
Shields        | |  3.2

Action                     |  1- 3 |  4- 6 || total
---------------------------+-------+-------++-------
  Melee: Flail             |    97 |   214 ||   311
    Use: Scroll            |     1 |     8 ||     9
         Potion            |       |     2 ||     2
 Armour: Scale mail        |    59 |   139 ||   198
  Dodge: Dodged            |    70 |    77 ||   147
  Block: Buckler           |    30 |    43 ||    73

Table legend: (Time is in decaauts)
 A = Elapsed time spent in this place.
 B = Non-inter-level travel time spent in this place.
 C = Inter-level travel time spent in this place.
 D = Time resting spent in this place.
 E = Time spent auto-exploring this place.
 F = Levels seen in this place.
 G = Mean time per level.
                   A        B        C        D        E       F      G
               +--------+--------+--------+--------+--------+-----+--------+
         Total |   3495 |   3341 |    154 |    307 |   2355 |   4 |  873.8 |
       Dungeon |   3495 |   3341 |    154 |    307 |   2355 |   4 |  873.8 |
               +--------+--------+--------+--------+--------+-----+--------+

Top non-repeatable levels by time:
     D:3: 1165 daAuts
     D:2: 1008 daAuts
     D:1: 831 daAuts
     D:4: 489 daAuts
